 Dungeon Crawl Stone Soup version 0.30.1-11-g7821555f0a (webtiles) character file.

Game seed: 11113192500557869457

295 anacleto the Cudgeller (level 6, -18/55 HPs)
             Began as a Troll Gladiator on Dec 9, 2023.
             Demolished by an ogre
             ... wielding a +0 giant club
              (20 damage)
             ... on level 3 of the Dungeon.
             The game lasted 00:05:25 (2499 turns).

anacleto the Cudgeller (Troll Gladiator)            Turns: 2499, Time: 00:05:26

Health: -18/55     AC:  4    Str: 25    XL:     6   Next: 11%
Magic:  5/5        EV: 10    Int:  4    God:
Gold:   136        SH:  0    Dex: 11    Spells: 5/5 levels left

rFire   . . .        a - +0 flail
rCold   . . .        (no shield)
rNeg    . . .        b - +0 robe
rPois   .            c - +0 hat
rElec   .            (no cloak)
rCorr   .            (gloves unavailable)
SInv    .            (boots unavailable)
Will    .....        (no amulet)
Stlth   +            (no ring)
HPRegen 1.09/turn    (no ring)
MPRegen 0.09/turn

%: no passive effects
@: no status effects
A: large, unfitting armour, claws 3, regeneration 1, shaggy fur 1, tough skin 1
a: no special abilities


You were on level 3 of the Dungeon.
You visited 1 branch of the dungeon, and saw 4 of its levels.

You collected 136 gold pieces.

Inventory:

Hand Weapons
 a - a +0 flail (weapon)
Missiles
 d - 3 throwing nets
 e - a large rock
 o - 2 silver javelins
 p - 4 javelins
 t - a boomerang (quivered)
Armour
 b - a +0 robe (worn)
 c - a +0 hat (worn)
Scrolls
 f - 2 scrolls of noise {unknown}
 i - 4 scrolls of identify {unknown}
 j - a scroll of vulnerability {unknown}
 k - a scroll of magic mapping {unknown}
 q - 2 scrolls of enchant armour {unknown}
 s - 2 scrolls of teleportation {unknown}
 u - a scroll of amnesia {unknown}
Potions
 g - 2 potions of brilliance {unknown}
 h - 2 potions of lignification {unknown}
 l - a potion of mutation {unknown}
 m - a potion of heal wounds {unknown}
 n - a potion of curing {unknown}
 r - a potion of might {unknown}


   Skills:
 - Level 1.5 Fighting
 * Level 5.8 Maces & Flails
 + Level 2.8 Throwing
 - Level 2.4 Dodging


You had 5 spell levels left.
You didn't know any spells.
Your spell library contained the following spells:

 Spells                   Type           Power      Damage    Failure   Level
 Foxfire                  Conj/Fire      0%         2x1d4     50%         1
 Static Discharge         Conj/Air       0%         2-2/arc   65%         2
 Airstrike                Air            0%         2d(0-16)  99%         4
 Summon Lightning Spire   Summ/Air       0%         N/A       99%         4
 Fireball                 Conj/Fire      0%         3d3       100%        5
 Plasma Beam              Fire/Air       0%         2x1d11    100%        6
 Starburst                Conj/Fire      0%         6d3       100%        6


Dungeon Overview and Level Annotations

Branches:
Dungeon (4/15)
 Temple: D:4-7

Altars:
Ru

Annotations:
D:4 1 runed translucent door, Crazy Yiuf


Innate Abilities, Weirdness & Mutations

You are too large for most types of armour.
You have claws for hands.
Your natural rate of healing is unusually fast.
You are covered in fur. (AC +1)
You have tough skin. (AC +1)


Message History

Aim: an ogre, wielding a +0 giant club (72% to hit)
You throw a boomerang. The boomerang hits the ogre.
The ogre is lightly wounded.
Throw: boomerang
Press: ? - help, Q - select action, (/) - cycle Shift-Dir - straight line, f/p - ogre
Aim: an ogre, wielding a +0 giant club (lightly wounded, 72% to hit)
You throw a boomerang. The boomerang hits the ogre.
The ogre is moderately wounded.
The howler monkey hoots and howls with incredible vigour!
You hear a shout!
Throw: boomerang
Press: ? - help, Q - select action, (/) - cycle Shift-Dir - straight line, f/p - ogre
Aim: an ogre, wielding a +0 giant club (moderately wounded, 72% to hit)
You throw a boomerang. The boomerang closely misses the ogre.
Throw: boomerang
Press: ? - help, Q - select action, (/) - cycle Shift-Dir - straight line, f/p - ogre
Aim: an ogre, wielding a +0 giant club (moderately wounded, 72% to hit)
You throw a boomerang. The boomerang hits the ogre.
The ogre is moderately wounded.
An orc priest comes into view. It is wielding a +0 hand axe.
The ogre hits you with a +0 giant club!
You closely miss the ogre.
The ogre is moderately wounded.
A ball python comes into view.
A dart slug comes into view.
The ogre attacks as you move away! The ogre barely misses you.
There is a stone staircase leading up here.
The ogre hits you with a +0 giant club!!
You climb upwards.
There is a stone staircase leading down here.
You thump the ogre!
The ogre is severely wounded.
You barely miss the ogre.
The ogre is severely wounded.
The ogre hits you with a +0 giant club!!
Ouch! That really hurt!
* * * LOW HITPOINT WARNING * * *
You barely miss the ogre.
The ogre is severely wounded.
The ogre hits you with a +0 giant club!!
You die...

#...# #####...# #...#######
##.......#
#<..##....#######..##..<.# ###
....##....##......#......###.#
....##....##.#...............#
#.###..........#...#########.#
..........#......### #.#
..##......#.###..#### #.#
.#...#......# ##@O..# #.#
...#######.## ###.## #.#
...........# ##..# #.#
.##....#########.>## #.#
.#####...........## ##.#
.#####....########## #..#
###.....#.##.......# #.##
#.#####..........# #.# ###.#
####..[....# #.#


You could see an ogre.

Vanquished Creatures
  A scorpion (D:4)
  2 howler monkeys (D:4)
  A hound (D:4)
  An iguana (D:4)
  A dart slug (D:1)
  8 orcs
  6 bats
  8 endoplasms
  3 giant cockroaches (D:2)
  6 goblins
  10 hobgoblins
  11 jackals
  4 quokkas
  12 ball pythons
  4 frilled lizards
  9 kobolds
  5 rats
92 creatures vanquished.

Notes
Turn   | Place    | Note
-------+----------+-------------------------------------------
     0 | D:1      | anacleto the Troll Gladiator began the quest for the Orb.
     0 | D:1      | Reached XP level 1. HP: 19/19 MP: 0/0
   160 | D:1      | Reached skill level 3 in Maces & Flails
   171 | D:1      | Reached XP level 2. HP: 27/27 MP: 1/1
   404 | D:1      | Reached XP level 3. HP: 33/33 MP: 2/2
   499 | D:1      | Reached skill level 4 in Maces & Flails
  1034 | D:2      | Reached XP level 4. HP: 41/41 MP: 3/3
  2150 | D:3      | Found a sacrificial altar of Ru.
  2254 | D:4      | Found a runed translucent door.
  2255 | D:4      | Noticed Crazy Yiuf
  2312 | D:4      | Reached skill level 5 in Maces & Flails
  2332 | D:4      | Reached XP level 5. HP: 46/48 MP: 4/4
  2472 | D:4      | Reached XP level 6. HP: 55/55 MP: 5/5
  2498 | D:3      | HP: 1/55 [ogre/+0 giant club (28)]
  2499 | D:3      | Demolished by an ogre

Illustrated notes

Levels and vault maps discovered:
D:1:      dpeg_arrival_rooms_b, layout_loops_cross
D:2:      layout_basic
D:3:      layout_rooms, nicolae_ru_the_path_less_chosen, minmay_hedge_maze
D:4:      layout_rooms, nicolae_hepliaklqana_hippocampus,
          minmay_fractal_squares_gapless_5, uniq_crazy_yiuf_cottage

Skill      XL: |  1  2  3  4 |
---------------+-------------+-----
Maces & Flails | 3 4 5 |  5.8
Throwing       | 2 |  2.8
Fighting       | |  1.5
Dodging        | |  2.4

Action                     |  1- 3 |  4- 6 || total
---------------------------+-------+-------++-------
  Melee: Flail             |   179 |   106 ||   285
  Throw: Boomerang         |       |    24 ||    24
   Stab: Sleeping          |       |     2 ||     2
 Armour: Robe              |   112 |    29 ||   141
  Dodge: Dodged            |   147 |    52 ||   199
